 Dungeon Crawl Stone Soup version 0.30.0-20-g3615ddf2f0 (webtiles) character file.

Game seed: 10792591075901195753

111 qw the Chopper (level 4, -2/28 HPs)
             Began as a Gargoyle Fighter on May 27, 2023.
             Slain by a gnoll sergeant
             ... wielding a +0 spear
              (5 damage)
             ... on level 3 of the Dungeon.
             The game lasted 00:00:50 (1596 turns).

qw the Chopper (Gargoyle Fighter)                   Turns: 1596, Time: 00:00:51

Health: -2/28      AC: 16    Str: 21    XL:     4   Next: 92%
Magic:  0/4        EV:  5    Int:  9    God:
Gold:   161        SH:  4    Dex:  9    Spells: 3/3 levels left

rFire   . . .        Y - +0 war axe
rCold   . . .        c - +0 buckler
rNeg    + . .        n - +0 plate armour
rPois   inf          (no helmet)
rElec   +            e - +0 cloak
rCorr   +            (no gloves)
SInv    .            (no boots)
Will    .....        i - amulet of guardian spirit Stlth
                     h - ring of resist corrosion
HPRegen 0.24/turn    (no ring)
MPRegen 0.09/turn

%: guardian spirit
@: no status effects
A: sickness immunity, AC +3, negative energy resistance 1, electricity
resistance, torment resistance 1, petrification resistance
a: no special abilities


You were on level 3 of the Dungeon.
You visited 1 branch of the dungeon, and saw 3 of its levels.

You collected 161 gold pieces.


Innate Abilities, Weirdness & Mutations

You are immune to sickness and miasma.
Your stone body is resilient. (AC +3)
You are immune to poison.
You resist negative energy. (rN+)
You are resistant to electric shocks. (rElec)
You are resistant to unholy torment.
You are immune to petrification.


   Skills:
 - Level 3.2 Fighting
 + Level 4.3 Axes
 - Level 1.0 Throwing
 - Level 3.2 Armour
 - Level 3.2 Shields


You had 3 spell levels left.
You didn't know any spells.
Your spell library was empty.

Inventory:

Hand Weapons
 a - a +1 demon whip of draining
 Y - a +0 war axe (weapon)
Armour
 c - a +0 buckler (worn)
 e - a +0 cloak (worn)
 n - a +0 plate armour (worn)
Jewellery
 h - a ring of resist corrosion (left hand)
 i - an amulet of guardian spirit (around neck)
Scrolls
 p - a scroll of identify
Potions
 b - a potion of heal wounds {unknown}
 d - 3 potions of might
 g - a potion of magic {unknown}
 j - a potion of brilliance {unknown}
 l - a potion of curing
 o - a potion of berserk rage {unknown}

Dungeon Overview and Level Annotations

Branches:
Dungeon (3/15)

Altars:


Message History

The javelin pierces through the gnoll!
The gnoll is almost dead.
The javelin pierces through the endoplasm but does no damage.
The gnoll hits you but does no damage.
You throw a javelin. The javelin barely misses the gnoll.
The javelin pierces through the gnoll.
You kill the gnoll!
The javelin pierces through the endoplasm!
You kill the endoplasm!
The kobold throws a stone.
You block the stone.
A kobold comes into view. It is wielding a +0 dagger.
A rat comes into view.
The gnoll sergeant hits you but does no damage.
The gnoll barely misses you.
You barely miss the gnoll. The gnoll hits you with a +0 whip.
The gnoll barely misses you.
The gnoll sergeant hits you from afar with a +0 spear.
The kobold hits you but does no damage.
A gnoll comes into view. It is wielding a +0 flail.
You block the gnoll sergeant's attack. The gnoll hits you with a +0 whip.
You block the gnoll's attack.
The gnoll shouts!
You slash the gnoll!
The gnoll is heavily wounded.
You closely miss the kobold. The kobold hits you with a +0 club.
The gnoll hits you from afar with a +0 spear!
The gnoll sergeant closely misses you.
You hit the gnoll.
The gnoll is heavily wounded.
You hit the kobold. The kobold hits you but does no damage.
The gnoll hits you but does no damage.
The gnoll sergeant hits you from afar with a +0 spear!
The gnoll hits you from afar with a +0 spear.
You slash the gnoll!
You kill the gnoll!
You hit the kobold.
You kill the kobold!
The gnoll sergeant hits you from afar with a +0 spear.
You die...

... # #..# .
##...#### .##.
........###....
.............
...........
..?......##
.......<..####
........@r...#
####.##..)......
# .>gg.K....)
.............
#..#...).......
.. .......g.<..
. .#...........
###...(.$.?...


You could see a gnoll sergeant, 2 gnolls, a kobold and a rat.

Vanquished Creatures
  5 gnolls
  2 adders (D:2)
  A worm (D:2)
  3 dart slugs (D:1)
  3 ball pythons
  9 endoplasms
  2 giant cockroaches (D:2)
  3 goblins (D:1)
  A hobgoblin (D:1)
  3 jackals (D:2)
  6 bats
  3 frilled lizards (D:2)
  5 kobolds
  2 rats
48 creatures vanquished.

Notes
Turn   | Place    | Note
-------+----------+-------------------------------------------
     0 | D:1      | qw the Gargoyle Fighter began the quest for the Orb.
     0 | D:1      | Reached XP level 1. HP: 14/14 MP: 1/1
     0 | D:1      | 0 ||| qw: Version: 0.2-a-99-gce666ed
     0 | D:1      | 0 ||| qw: Game counter: 175
     0 | D:1      | 0 ||| qw: Always use a shield: true
     0 | D:1      | 0 ||| qw: God list: Okawaru
     0 | D:1      | 0 ||| qw: Allow faded altars: false
     0 | D:1      | 0 ||| qw: Do Orc after D:15 true
     0 | D:1      | 0 ||| qw: Do second Lair branch before Depths: true
     0 | D:1      | 0 ||| qw: Lair rune preference: random
     0 | D:1      | 0 ||| qw: Plans: Normal, Zot:1-4, God:TSO, Crypt, Tomb,
                  | Pan, Slime:5, Hells, Abyss, Win
     0 | D:1      | 0 ||| PLANNING D:1-11
    29 | D:1      | Reached skill level 2 in Axes
    53 | D:1      | 53 ||| FLEEEEING.
    54 | D:1      | 54 ||| FLEEEEING.
    55 | D:1      | 55 ||| FLEEEEING.
    56 | D:1      | 56 ||| FLEEEEING.
   117 | D:1      | Reached XP level 2. HP: 14/19 MP: 2/2
   277 | D:1      | 277 ||| Stepping ~*~*~tactically~*~*~ (stealth).
   279 | D:1      | 279 ||| Stepping ~*~*~tactically~*~*~ (stealth).
   367 | D:1      | 367 ||| Stepping ~*~*~tactically~*~*~ (hiding).
   373 | D:1      | Reached skill level 3 in Axes
   380 | D:1      | Reached XP level 3. HP: 20/23 MP: 3/3
   785 | D:1      | 785 ||| DROPPING orb of energy.
   786 | D:1      | 786 ||| UPGRADING to +0 plate armour.
   796 | D:1      | 796 ||| DROPPING +0 scale mail.
   797 | D:1      | 797 ||| UPGRADING to amulet of guardian spirit.
   802 | D:1      | 802 ||| UPGRADING to ring of resist corrosion.
   803 | D:1      | 803 ||| READING scroll labelled VITAOS SOENY.
   804 | D:1      | 804 ||| READING scroll labelled WIPUFIEKHE.
   805 | D:1      | 805 ||| READING scroll labelled UTYCSI LUT XUE.
   805 | D:1      | Identified a scroll of acquirement
   805 | D:1      | 805 ||| ACQUIRING +1 demon whip of draining
   805 | D:1      | Acquired a +1 demon whip of draining
   807 | D:1      | 807 ||| DROPPING +0 club.
   811 | D:2      | Found a faded altar of an unknown god.
   814 | D:2      | Reached skill level 1 in Throwing
   849 | D:2      | 849 ||| Stepping ~*~*~tactically~*~*~ (hiding).
   873 | D:2      | Reached XP level 4. HP: 9/28 MP: 1/4
  1065 | D:2      | Reached skill level 4 in Axes
  1388 | D:2      | 1388 ||| Stepping ~*~*~tactically~*~*~ (stealth).
  1528 | D:2      | 1528 ||| UPGRADING to +0 cloak.
  1533 | D:2      | 1533 ||| READING scroll labelled XUM FYN WOBUZA.
  1538 | D:2      | 1538 ||| READING scroll labelled HAKYKL FAPN.
  1539 | D:2      | 1539 ||| DRINKING 2 fizzy golden potions.
  1587 | D:3      | Noticed a gnoll sergeant
  1595 | D:3      | HP: 6/28 [gnoll sergeant/+0 spear (7)]
  1596 | D:3      | Slain by a gnoll sergeant

Levels and vault maps discovered:
D:1:      shiori_arrival_maze, layout_basic
D:2:      layout_basic, nicolae_ecumenical_pavilion, solitary_fountain,
          dk_noncrumbling_4
D:3:      layout_rooms, grunt_temple_overflow_opulence, old_standard_altar,
          serial_shops, shop

Skill      XL: |  1  2  3  4 |
---------------+-------------+-----
Axes           | 2 3 4 |  4.3
Throwing       | 1 |  1.0
Fighting       | |  3.2
Armour         | |  3.2
Shields        | |  3.2

Action                     |  1- 3 |  4- 6 || total
---------------------------+-------+-------++-------
  Melee: War axe           |    63 |    52 ||   115
  Throw: Javelin           |     6 |    10 ||    16
    Use: Scroll            |     3 |     2 ||     5
         Potion            |       |     1 ||     1
 Armour: Scale mail        |    27 |       ||    27
         Plate armour      |    21 |    43 ||    64
  Dodge: Dodged            |    22 |    14 ||    36
  Block: Buckler           |    15 |    12 ||    27

Table legend:
 A = Non-vault XP
 B = Vault XP
 C = Vault XP percentage of total XP
 D = Non-vault monster count
 E = Vault monster count
 F = Vault count percentage of total count
                 A         B        C        D         E       F
            +---------+---------+-------+---------+---------+-------
      Total |     172 |       3 |   1.7 |      46 |       2 |   4.2
            +---------+---------+-------+---------+---------+-------
        D:1 |      43 |       3 |   6.5 |      21 |       2 |   8.7
        D:2 |      97 |       0 |   0.0 |      21 |       0 |   0.0
        D:3 |      32 |       0 |   0.0 |       4 |       0 |   0.0
            +---------+---------+-------+---------+---------+-------
